 Dungeon Sprint DCSS version 0.18.1-6-gd335043 (webtiles) character file.

133 Etesian the Spear-Bearer (level 5, 11/29 HPs)
             Began as a Gargoyle Berserker on May 16, 2016.
             Was a Priest of Trog.
             Quit the game in the Dungeon (Sprint IX: "|||||||||||||||||||||||||||||").
             The game lasted 00:00:56 (199 turns).

Etesian the Spear-Bearer (Gargoyle Berserker)        Turns: 199, Time: 00:00:57

Health: 11/29      AC:  7    Str: 22    XL:     5   Next: 16%
Magic:  5/5        EV: 11    Int:  7    God:    Trog [***...]
Gold:   0          SH:  0    Dex:  7    Spells: 0 memorised, 4 levels left

rFire  . . .     SeeInvis .     a - +0 spear
rCold  . . .     Gourm    .     b - +0 animal skin
rNeg   + . .     Faith    .     (no shield)
rPois  ∞         Spirit   .     (no helmet)
rElec  +         Dismiss  .     (no cloak)
rCorr  .         Reflect  .     (no gloves)
SustAt .         Harm     .     (no boots)
MR     .....     NoTele   +     (no amulet)
Stlth  +.........               (no ring)
                                (no ring)

@: exhausted, slowed, very slow, not resistant to hostile enchantments, very
unstealthy
A: rugged brown scales 1, blurry vision 1, clumsy 1, frail 1, negative energy
resistance 1, electricity resistance, unbreathing, petrification resistance, rot
immunity, subdued magic 1, AC +4
a: Berserk, Trog's Hand, Burn Spellbooks, Renounce Religion


You were in the Dungeon.
You worshipped Trog.
Trog was most pleased with you.
You were not hungry.

You visited 1 branch

Inventory:

Hand Weapons
 a - a +0 spear (weapon)
Armour
 b - a +0 animal skin (worn)
Scrolls
 i - a scroll of blinking
Potions
 d - a potion of curing
 e - a potion of heal wounds
 f - a potion of haste
 g - 2 potions of magic
 h - a potion of berserk rage
Comestibles
 c - a bread ration
 j - 6 chunks of flesh


   Skills:
 - Level 3.2 Fighting
 + Level 9.4 Polearms
 - Level 2.1 Armour
 - Level 1.5 Dodging


You had 4 spell levels left.
You didn't know any spells.

Dungeon Overview and Level Annotations

Branches:
Dungeon (1/1)

Altars:


Innate Abilities, Weirdness & Mutations

You are resistant to torment.
Your stone body is resilient (AC +4).
You are immune to poison.
You resist negative energy.
You are resistant to electric shocks.
You can survive without breathing.
You are immune to petrification.
You are immune to rotting.
You are partially covered in rugged brown scales (AC +1, +3% HP).
Scrolls take you a little longer to read.
You are clumsy. (Dex -2)
You are frail (-10% HP).
Your spells are a little easier to cast, but a little less powerful.


Message History

a whip; a robe; 5 mutagenic chunks of flesh; a giant gecko skeleton There isn't anything to butcher here.
There isn't anything to butcher here.
k - 5 mutagenic chunks of flesh Eat which item? (? for menu, Esc to quit)
This meat tastes really weird.
Your connection to magic feels subdued.
Eat which item? (? for menu, Esc to quit)
This meat tastes really weird.
You feel clumsy.
Eat which item? (? for menu, Esc to quit)
This meat tastes really weird.
Your vision blurs.
Eat which item? (? for menu, Esc to quit)
This meat tastes really weird.
Rugged brown scales grow over part of your body.
Eat which item? (? for menu, Esc to quit)
This meat tastes really weird.
You feel frail.
Are you sure you want to abandon this character and quit the game? (Confirm with "yes".)

▓+▓
▓.▓
▓.▓
▓.▓
▓@▓
▓)▓
▓'▓
▓.▓
▓.▓
▓.▓
▓.▓
▓)▓
▓)▓


There were no monsters in sight!

Vanquished Creatures
  A sky beast (D)
  A gnoll shaman (D)
  A dart slug (D)
  A giant gecko (D)
  A bat skeleton (D)
  A goblin (D)
  A hobgoblin (D)
  A bat (D)
  A giant newt (D)
  A rat (D)
10 creatures vanquished.

Notes
Turn   | Place    | Note
--------------------------------------------------------------
     0 | D        | Etesian the Gargoyle Berserker began the quest for the Orb.
     0 | D        | Reached XP level 1. HP: 14/14 MP: 1/1
    10 | D        | Reached skill level 3 in Polearms
    19 | D        | Reached ** piety under Trog
    20 | D        | Reached skill level 4 in Polearms
    24 | D        | Reached XP level 2. HP: 15/19 MP: 2/2
   149 | D        | Noticed a sky beast
   150 | D        | Reached *** piety under Trog
   164 | D        | Reached skill level 6 in Polearms
   164 | D        | Reached XP level 3. HP: 12/23 MP: 3/3
   183 | D        | Killed a sky beast
   183 | D        | Reached skill level 9 in Polearms
   183 | D        | Reached XP level 4. HP: 7/28 MP: 4/4
   183 | D        | Reached XP level 5. HP: 8/32 MP: 5/5
   194 | D        | Gained mutation: Your spells are a little easier to cast, but a little less powerful. [mutagenic meat]
   195 | D        | Gained mutation: You are clumsy. (Dex -2) [mutagenic meat]
   196 | D        | Gained mutation: Scrolls take you a little longer to read. [mutagenic meat]
   197 | D        | Gained mutation: You are partially covered in rugged brown scales (AC +1, +3% HP). [mutagenic meat]
   198 | D        | Gained mutation: You are frail (-10% HP). [mutagenic meat]
   199 | D        | Quit the game

Skill      XL: |  1  2  3 |
---------------+----------+-----
Polearms       | 4 6 9 |  9.4
Fighting       | |  3.2
Armour         | |  2.1
Dodging        | |  1.5

Action                   |  1- 3 |  4- 6 || total
-------------------------+-------+-------++-------
Melee: Spear             |    51 |       ||    51
Invok: Berserk           |     2 |       ||     2
  Eat: Chunk             |       |     5 ||     5
Armor: Animal skin       |    10 |       ||    10
Dodge: Dodged            |    17 |       ||    17
